[Event "Team 45 45 League T52"]
[Site "Internet Chess Club"]
[Date "2012.03.03"]
[Round "3"]
[White "megaj"]
[Black "eurander"]
[Result "1/2-1/2"]
[WhiteElo "1983"]
[BlackElo "2146"]
[Opening "Caro-Kann: exchange variation"]
[ECO "B13"]
[Time "04:00:45"]
[TimeControl "2700+45"]

1. e4 c6 2. d4 d5 3. exd5 cxd5 4. Bd3 Nc6 5. c3 Qc7 6. Nf3 Bg4 7. Bg5 e6 8. Nbd2
Bd6 9. Qb3 Nge7 10. Bxe7 Qxe7 11. O-O O-O 12. Rae1 Qc7 13. Qc2 g6 14. h3 Bxf3
15. Nxf3 Rfc8 16. Qe2 Na5 17. Ne5 Bxe5 18. Qxe5 Qxe5 19. Rxe5 Nc4 20. Bxc4 Rxc4
21. Rc1 Rac8 22. Ree1 b5 23. a3 a5 24. Red1 b4 25. axb4 axb4 26. Rd3 e5 27. dxe5
d4 28. Rcd1 dxc3 29. bxc3 bxc3 30. Rd8+ Rxd8 31. Rxd8+ Kg7 32. Rd1 Kf8 33. Kf1
Ke7 34. Ke2 Ke6 35. Kd3 Rf4 36. f3 Kxe5 37. Kxc3 Ra4 38. Rd7 Ke6 39. Rd4 Ra3+
40. Kb2 Re3 41. Kc2 Ra3 42. Kd1 h5 43. Ke2 Ke5 44. Re4+ Kf5 45. Kf2 g5 46. g4+
Kg6 47. gxh5+ Kxh5 48. Kg3 Ra2 49. h4 f5 50. Re5 gxh4+ 51. Kh3 Kg5 52. Re8 Kf4
53. Rb8 Ra3 54. Kxh4 Kxf3 55. Rb4 f4 56. Rb8 Re3 57. Rf8 Re7 58. Kg5 Rg7+ 59.
Kh4 Ke3 60. Ra8 f3 61. Kh3 f2 62. Ra3+ Ke4 63. Ra4+ Ke5 64. Ra5+ Ke6 65. Ra6+
Ke7 66. Ra7+ Kf8 67. Ra8+ Ke7 68. Ra7+ Ke6 69. Ra6+ Ke5 70. Ra5+ Kd4 71. Ra4+
Kd3 72. Ra3+ Ke4 73. Ra4+ Kf5 74. Ra5+ Kf6 75. Ra6+ Kf7 76. Ra7+ Kf8 77. Ra8+
Kf7 78. Ra7+ Kf8 79. Ra8+ Kf7 80. Ra7+ Kg8 81. Rxg7+ Kf8 82. Kg2 Kxg7 83. Kxf2
{Game drawn because neither player has mating material} 1/2-1/2

[Event "Team 45 45 League T52"]
[Site "Internet Chess Club"]
[Date "2012.03.05"]
[Round "3"]
[White "kidviper"]
[Black "parpin"]
[Result "0-1"]
[WhiteElo "1971"]
[BlackElo "1977"]
[Opening "QGD: Charousek (Petrosian) variation"]
[ECO "D31"]
[Time "13:02:08"]
[TimeControl "2700+45"]

1. d4 d5 2. c4 e6 3. Nc3 Be7 4. Nf3 Nf6 5. cxd5 exd5 6. Bg5 c6 7. e3 O-O 8. Bd3
Nbd7 9. O-O Re8 10. Qc2 Nf8 11. h3 Be6 12. Rac1 N6d7 13. Bf4 Bf6 14. e4 dxe4 15.
Nxe4 Ng6 16. Bh2 Bd5 17. Nd6 Re7 18. Bxg6 hxg6 19. Nxb7 Qb6 20. Nc5 Nxc5 21.
dxc5 Qxb2 22. Qxb2 Bxb2 23. Rc2 Bf6 24. Re1 Rae8 25. Rxe7 Rxe7 26. Bd6 Rb7 27.
Nd2 Bd4 28. Nf3 Rb1+ 29. Kh2 Bf6 30. Nd2 Re1 31. Nf3 Re4 32. Bc7 Ra4 33. Ne5
Bxe5+ 34. Bxe5 Bxa2 35. Rb2 Bd5 36. Rb7 a5 37. Ra7 Ra2 38. Ra8+ Kh7 39. Kg3 g5
40. Ra7 Kg6 41. f3 a4 42. Bd4 a3 43. Bc3 Rc2 44. Rxa3 Bc4 45. Bd4 Bf1 46. Bf2 f5
47. f4 gxf4+ 48. Kf3 Kh5 49. Ra8 g5 50. Rh8+ Kg6 51. Rg8+ Kh6 52. Rh8+ Kg6 53.
Rg8+ Kh6 54. Rh8+ Kg7 55. Bd4+ Kf7 56. Rh7+ Ke6 57. Rh6+ Kd5 58. Rd6+ Kc4 59.
Bf2 Be2# {White checkmated} 0-1

[Event "Team 45 45 League T52"]
[Site "Internet Chess Club"]
[Date "2012.03.03"]
[Round "3"]
[White "ramirozp"]
[Black "kidcobra"]
[Result "0-1"]
[WhiteElo "1738"]
[BlackElo "1720"]
[Opening "Ruy Lopez: Schliemann defense"]
[ECO "C63"]
[Time "14:08:31"]
[TimeControl "2700+45"]

1. e4 e5 2. Nf3 Nc6 3. Bb5 f5 4. exf5 e4 5. Qe2 Qe7 6. Bxc6 dxc6 7. Nd4 Qe5 8.
Ne6 Bxe6 9. fxe6 Qxe6 10. Nc3 Nf6 11. f3 O-O-O 12. fxe4 Bb4 13. d3 Bxc3+ 14.
bxc3 Rhe8 15. O-O Qe7 16. Be3 h5 17. a4 Ng4 18. Bxa7 Qe5 19. g3 Qxc3 20. a5 c5
21. a6 b6 22. h3 Qd4+ 23. Kh1 Ne3 24. Rfe1 Nf5 25. Qg2 Ne3 26. Qe2 Nf5 27. Qf3
Ne7 28. Rab1 Rf8 29. Qxh5 Rf2 30. Rec1 Rdf8 31. Rg1 Rxc2 32. Rgf1 Rcf2 33. Rxf2
Qxf2 34. Qg4+ Kd8 35. d4 Qa2 36. Rd1 c4 37. h4 Rf2 38. Qh3 Qe2 39. Kg1 Nc6
{White resigns} 0-1

[Event "Team 45 45 League T52"]
[Site "Internet Chess Club"]
[Date "2012.03.03"]
[Round "3"]
[White "julesraider"]
[Black "mellizas2003"]
[Result "0-1"]
[WhiteElo "1592"]
[BlackElo "1726"]
[Opening "QGD: exchange, positional line"]
[ECO "D35"]
[Time "13:00:41"]
[TimeControl "2700+45"]

1. d4 d5 2. c4 e6 3. cxd5 exd5 4. Nc3 Nf6 5. Bg5 Be7 6. Nf3 O-O 7. e3 Bg4 8. h3
Bxf3 9. Qxf3 c6 10. Bd3 Nbd7 11. O-O Qb6 12. Na4 Qb4 13. b3 Ne4 14. Bxe7 Qxe7
15. Qe2 Nb6 16. Nb2 Qa3 17. Qc2 Rfe8 18. Rfb1 Qb4 19. a3 Qd6 20. Nd1 g6 21. b4
Ng5 22. b5 Rac8 23. Qb3 cxb5 24. Bxb5 Re7 25. Rc1 Rec7 26. Rc3 Ne4 27. Rxc7 Qxc7
28. Bd3 f5 29. a4 Nc4 30. Rc1 Qf7 31. Nb2 Ned6 32. Be2 f4 33. Nd3 fxe3 34. Ne5
Qxf2+ 35. Kh2 Qxe2 36. Rc2 Qd1 37. Qa2 Qxd4 38. Nf3 Qf4+ 39. Kg1 d4 40. Ne1 Rf8
41. Nf3 d3 42. Rc1 d2 43. Rf1 Qxf3 44. gxf3 e2 45. Rb1 e1=Q+ 46. Rxe1 dxe1=Q+
47. Kg2 Qd2+ 48. Qxd2 Nxd2 49. f4 Rxf4 50. Kg3 Rf5 51. a5 N6e4+ 52. Kg4 h5+
{White resigns} 0-1

[Event "Team 45 45 League T52"]
[Site "Internet Chess Club"]
[Date "2012.03.07"]
[Round "3"]
[White "Deckfuel"]
[Black "DreamCatcher13"]
[Result "1-0"]
[WhiteElo "1934"]
[BlackElo "1822"]
[Opening "Vienna game"]
[ECO "C26"]
[Time "17:01:01"]
[TimeControl "2700+45"]

1. e4 e5 2. Nc3 Nf6 3. Bc4 Bc5 4. d3 d6 5. f4 Ng4 6. f5 h5 7. Nh3 Qh4+ 8. Kf1
Nf2 9. Qe1 g6 10. Nxf2 gxf5 11. g3 Qf6 12. Nd5 Qd8 13. b4 Bd4 14. c3 Bb6 15. a4
c6 16. Nxb6 axb6 17. Qe3 fxe4 18. dxe4 Qf6 19. Kg2 h4 20. Rf1 hxg3 21. hxg3 b5
22. Ng4 Qg7 23. Bxf7+ Ke7 24. Qg5+ Qxg5 25. Bxg5+ Kf8 26. Bh5+ Kg8 27. Nh6+ Kg7
28. Rf7# {Black checkmated} 1-0

[Event "Team 45 45 League T52"]
[Site "Internet Chess Club"]
[Date "2012.03.01"]
[Round "3"]
[White "fishhead"]
[Black "Goli"]
[Result "0-1"]
[WhiteElo "1886"]
[BlackElo "1936"]
[Opening "Robatsch defense: three pawns attack"]
[ECO "B06"]
[Time "16:30:36"]
[TimeControl "2700+45"]

1. e4 g6 2. f4 Bg7 3. d4 d6 4. Nf3 Nf6 5. Bd3 O-O 6. O-O c5 7. Kh1 cxd4 8. Nxd4
Nc6 9. Be3 Ng4 10. Nxc6 Nxe3 11. Qe1 Nxc2 12. Bxc2 bxc6 13. Nc3 Qa5 14. Rf3 Rb8
15. b3 Bg4 16. Rd3 Be6 17. Na4 Qxe1+ 18. Rxe1 c5 19. e5 c4 20. bxc4 Bxc4 21. Rc3
Bxa2 22. Rc7 Rfc8 23. exd6 exd6 24. Rxc8+ Rxc8 25. Bd3 Bb3 {White resigns} 0-1

[Event "Team 45 45 League T52"]
[Site "Internet Chess Club"]
[Date "2012.03.03"]
[Round "3"]
[White "justice02"]
[Black "IshanR"]
[Result "1-0"]
[WhiteElo "1806"]
[BlackElo "1820"]
[Opening "QGD: Tarrasch defense, 4.cd ed"]
[ECO "D32"]
[Time "21:00:27"]
[TimeControl "2700+45"]

1. d4 d5 2. c4 e6 3. Nc3 c5 4. cxd5 exd5 5. e3 Nf6 6. Bb5+ Nc6 7. Nf3 cxd4 8.
Nxd4 Bd7 9. Nxc6 bxc6 10. Be2 Bd6 11. O-O O-O 12. a3 Re8 13. b4 a5 14. b5 Be5
15. bxc6 Bxc6 16. Qc2 Rc8 17. Rb1 Ba8 18. Bb2 Ne4 19. Rfc1 Qc7 20. Nxe4 Qxc2 21.
Rxc2 Rxc2 22. Bxe5 Rxe2 23. Ng3 Ra2 24. Bd6 Bc6 25. Nf5 Ba8 26. h4 f6 27. Rb6 g6
28. Nh6+ Kg7 29. Bf4 Rxa3 30. Ng4 Rc8 31. Rxf6 h5 32. Bh6+ Kh7 33. Rf7+ Kg8 34.
Rg7+ Kh8 35. Nf6 Bc6 36. Rh7# {Black checkmated} 1-0

[Event "Team 45 45 League T52"]
[Site "Internet Chess Club"]
[Date "2012.03.06"]
[Round "3"]
[White "mongmong"]
[Black "Kingofknights"]
[Result "1-0"]
[WhiteElo "1664"]
[BlackElo "1611"]
[Opening "Queen's pawn game"]
[ECO "D04"]
[Time "19:10:13"]
[TimeControl "2700+45"]

1. d4 d5 2. Nf3 Nf6 3. e3 Bg4 4. c4 c6 5. Nc3 e6 6. Bd3 Nbd7 7. O-O e5 8. cxd5
cxd5 9. dxe5 Nxe5 10. Be2 Nxf3+ 11. Bxf3 Bxf3 12. Qxf3 Qd7 13. Rd1 Rd8 14. b3
Bb4 15. Bb2 O-O 16. Ne2 Ne4 17. Nd4 Bc3 18. Qe2 Bxb2 19. Qxb2 Qe7 20. Rdc1 Rd7
21. Rc2 a6 22. Rac1 h6 23. h3 Rfd8 24. Rc8 Rxc8 25. Rxc8+ Kh7 26. Qc2 g6 27. Qb2
Rc7 28. Nc6 Rxc8 29. Nxe7 Rd8 30. f3 Ng3 31. Qf6 {Black resigns} 1-0

[Event "Team 45 45 League T52"]
[Site "Internet Chess Club"]
[Date "2012.03.11"]
[Round "3"]
[White "rahulr"]
[Black "DarkFlow"]
[Result "0-1"]
[WhiteElo "1567"]
[BlackElo "1898"]
[Opening "QGD: semi-Slav, Marshall gambit"]
[ECO "D10"]
[Time "13:02:26"]
[TimeControl "2700+45"]

1. d4 d5 2. c4 c6 3. Nc3 e6 4. e4 dxe4 5. Nxe4 Bb4+ 6. Nc3 c5 7. Nf3 Nf6 8. a3
Bxc3+ 9. bxc3 Nc6 10. Bf4 Qa5 11. Qc2 cxd4 12. Be2 O-O 13. O-O dxc3 14. Rfc1 e5
15. Bg5 e4 16. Bxf6 exf3 17. Bxf3 gxf6 18. Rab1 Bf5 19. Be4 Bxe4 20. Qxe4 Rae8
21. Qg4+ Kh8 22. Rb5 Qxa3 23. Rd1 c2 {White resigns} 0-1

[Event "Team 45 45 League T52"]
[Site "Internet Chess Club"]
[Date "2012.03.05"]
[Round "3"]
[White "ghostfire"]
[Black "Signalman"]
[Result "1-0"]
[WhiteElo "1779"]
[BlackElo "1528"]
[Opening "Philidor: Improved Hanham variation"]
[ECO "B07"]
[Time "13:30:55"]
[TimeControl "2700+45"]

1. e4 d6 2. d4 Nf6 3. Nc3 Nbd7 4. Nf3 e5 5. Be2 c6 6. O-O Be7 7. Re1 O-O 8. a3
a5 9. dxe5 Nxe5 10. Nxe5 dxe5 11. Be3 Be6 12. Bd3 Bg4 13. f3 Be6 14. Qe2 Nh5 15.
Rad1 Nf4 16. Bxf4 exf4 17. Kh1 Qb6 18. Rb1 Bh4 19. Rf1 Qd4 20. e5 Rad8 21. Rbd1
Qe3 22. Qxe3 fxe3 23. g3 Be7 24. Rde1 Bh3 25. Rg1 Bc5 26. g4 e2 27. Nxe2 Bxg1
28. Nxg1 Bxg4 29. fxg4 Rfe8 30. Nf3 b5 31. Ng5 g6 32. Ne4 Kg7 33. Ng5 Rd4 34. h3
h6 35. Nf3 Rd5 36. Kg2 b4 37. axb4 axb4 38. Re4 b3 39. Rc4 c5 40. Be4 Rexe5 41.
Nxe5 Rd2+ 42. Kf3 bxc2 43. Rxc2 Rxc2 44. Bxc2 Kf6 45. Nd7+ Ke6 46. Nxc5+ Kd5 47.
Nd3 Ke6 48. b4 f6 49. b5 Kd6 50. Ke4 Kc7 51. Kd5 Kb6 52. Ba4 Ka5 53. Kc6 {Black
resigns} 1-0

[Event "Team 45 45 League T52"]
[Site "Internet Chess Club"]
[Date "2012.03.06"]
[Round "3"]
[White "werty"]
[Black "JWB"]
[Result "1/2-1/2"]
[WhiteElo "1517"]
[BlackElo "1736"]
[Opening "King's Indian: East Indian defense"]
[ECO "A48"]
[Time "14:00:07"]
[TimeControl "2700+45"]

1. d4 Nf6 2. Nf3 g6 3. e3 Bg7 4. Bd3 O-O 5. c3 d6 6. O-O Nbd7 7. Nbd2 e5 8. dxe5
dxe5 9. e4 c6 10. Nc4 Qc7 11. Bg5 h6 12. Bh4 Nh5 13. Bg3 b5 14. Ne3 Nf4 15. Bxf4
exf4 16. Nc2 Nc5 17. Qe2 a5 18. Ncd4 Nxd3 19. Qxd3 Ba6 20. Qc2 Rac8 21. Rac1
Rfd8 22. Rfd1 c5 23. Ne2 g5 24. Rxd8+ Rxd8 25. Rd1 b4 26. Rxd8+ Qxd8 27. cxb4
axb4 28. b3 Qd3 29. Qxd3 Bxd3 30. Kf1 Bxe4 31. Nd2 Bd3 32. f3 f5 33. Nc4 Kf7 34.
a4 bxa3 35. Nxa3 Bb2 36. Nc4 Ba1 37. Ke1 Ke6 38. Kd2 Bxe2 39. Kxe2 Kd5 40. Kd3
g4 41. Nb6+ Kc6 42. Nc4 Kd5 43. Nb6+ Kc6 44. Nc4 Kd5 {Game drawn by repetition}
1/2-1/2

[Event "Team 45 45 League T52"]
[Site "Internet Chess Club"]
[Date "2012.03.02"]
[Round "3"]
[White "Lucas"]
[Black "Zumbi"]
[Result "0-1"]
[WhiteElo "2170"]
[BlackElo "2138"]
[Opening "QGD: Tarrasch, Prague variation, Normal position"]
[ECO "D02"]
[Time "18:05:38"]
[TimeControl "2700+45"]

1. d4 d5 2. Nf3 Nf6 3. g3 e6 4. Bg2 c5 5. c4 Nc6 6. O-O Be7 7. Nc3 O-O 8. cxd5
exd5 9. dxc5 Bxc5 10. Bg5 d4 11. Bxf6 Qxf6 12. Ne4 Qe7 13. Nxc5 Qxc5 14. Rc1 Qb6
15. Qd2 Bg4 16. Rfd1 Rad8 17. b3 d3 18. e3 Rfe8 19. h3 Bxf3 20. Bxf3 Ne5 21. Bg2
g5 22. e4 h6 23. Kh1 g4 24. hxg4 Nxg4 25. Kg1 Re6 26. Qf4 h5 27. Qg5+ Rg6 28.
Qc5 Qa6 29. f3 Nf6 30. e5 Nd5 31. Qd4 Rxg3 32. Kh2 Qg6 33. Rg1 Qg5 34. Bh3 h4
35. Qf2 Nf4 36. Bg4 Qxg4 {White resigns} 0-1

[Event "Team 45 45 League T52"]
[Site "Internet Chess Club"]
[Date "2012.03.03"]
[Round "3"]
[White "grabuark"]
[Black "sonoftill"]
[Result "1-0"]
[WhiteElo "2156"]
[BlackElo "1854"]
[Opening "Sicilian: Alapin's variation (2.c3)"]
[ECO "B22"]
[Time "17:00:32"]
[TimeControl "2700+45"]

1. e4 c5 2. c3 Nc6 3. d4 cxd4 4. cxd4 d5 5. exd5 Qxd5 6. Nf3 Bg4 7. Be2 e6 8. h3
Bb4+ 9. Nc3 Bh5 10. O-O Qa5 11. a3 Bxc3 12. bxc3 Nge7 13. Rb1 Qc7 14. Rb5 Bg6
15. c4 O-O 16. Qb3 b6 17. d5 exd5 18. cxd5 Na5 19. Qb4 Rad8 20. Bf4 Qb7 21. Qxa5
bxa5 22. Rxb7 Nxd5 23. Bg3 Nc3 24. Bc4 Rc8 25. Ne5 Rxc4 26. Nxc4 Bd3 27. Nxa5
Ne2+ 28. Kh2 Nxg3 29. Rd1 Be2 30. Re1 Nf1+ 31. Kg1 Bd3 32. Rxf1 Bxf1 33. Kxf1
{Black resigns} 1-0

[Event "Team 45 45 League T52"]
[Site "Internet Chess Club"]
[Date "2012.02.29"]
[Round "3"]
[White "toukon"]
[Black "Tobiasdelmonte"]
[Result "0-1"]
[WhiteElo "1697"]
[BlackElo "1841"]
[Opening "Benkö gambit half accepted"]
[ECO "A57"]
[Time "20:30:07"]
[TimeControl "2700+45"]

1. d4 Nf6 2. c4 c5 3. d5 b5 4. cxb5 a6 5. b6 d6 6. Nc3 g6 7. e4 Bg7 8. Nf3 O-O
9. Be2 Nbd7 10. O-O Nxb6 11. h3 Re8 12. Bg5 Bb7 13. Qc2 e6 14. dxe6 Rxe6 15.
Rad1 Qc7 16. Nd2 Rae8 17. Bf3 h6 18. Bf4 Qe7 19. Nb3 Ba8 20. Nd5 Nfxd5 21. exd5
Rf6 22. Bg3 Rf5 23. Qd3 c4 24. Qc2 cxb3 25. Qxb3 Nd7 26. Rfe1 Ne5 27. Bg4 Qd8
28. Bxf5 gxf5 29. Qc2 Qc8 30. Qe2 Rf8 31. Qh5 Qd7 32. b3 Ng6 33. Qe2 f4 34. Bh2
Qb5 35. Qd2 Be5 36. h4 h5 37. Re4 f5 38. Rc4 Qe8 39. Qe2 Qf7 40. Qxh5 Kg7 41.
Rdc1 Bf6 42. Qxf5 Qxd5 43. Rc7+ Rf7 44. Qg4 Bxh4 45. Bxf4 Qxg2+ 46. Qxg2 Bxg2
47. Kxg2 Nxf4+ 48. Kf3 Nd5+ 49. Kg4 Nxc7 50. Kxh4 Kf6 51. f4 Kf5 52. Kg3 Rg7+
53. Kf3 Rh7 54. Rc6 Rd7 55. b4 d5 56. a4 d4 57. Rc5+ Kf6 58. Ke4 d3 59. Rc6+ Kf7
60. Rc1 Ke7 61. Rd1 d2 62. Ke3 Nd5+ 63. Kd3 Nxb4+ 64. Kc4 Nc2 65. Kc3 Ne3 66.
Rxd2 Nd5+ 67. Kb3 Nxf4 68. Rh2 Rb7+ 69. Kc4 Rc7+ 70. Kb4 Rc6 71. Ka5 Nd5 72.
Rh7+ Kd8 73. Rh8+ Kd7 74. Rh7+ Ne7 75. Rh8 Kc7 76. Rh7 Re6 77. Rf7 Kb7 78. Rh7
Re5+ 79. Kb4 a5+ 80. Kc4 Kb6 81. Rh6+ Nc6 82. Rg6 Re4+ 83. Kd5 Rd4+ 84. Ke6 Rxa4
85. Kf5 Rc4 86. Rg2 a4 87. Rb2+ Ka5 88. Ke6 a3 89. Ra2 Ka4 90. Kd5 Rc1 91. Rg2
Nb4+ 92. Kd4 a2 {White resigns} 0-1

[Event "Team 45 45 League T52"]
[Site "Internet Chess Club"]
[Date "2012.03.04"]
[Round "3"]
[White "Goli"]
[Black "AntonioMendonca"]
[Result "0-1"]
[WhiteElo "1909"]
[BlackElo "1671"]
[Opening "French: exchange variation"]
[ECO "C01"]
[Time "16:41:25"]
[TimeControl "2700+45"]

1. e4 e6 2. d4 d5 3. exd5 exd5 4. Bd3 Bd6 5. Nc3 Nf6 6. Nge2 O-O 7. Bg5 c6 8.
Qd2 Bg4 9. f3 Bh5 10. g4 Bg6 11. Bxg6 fxg6 12. O-O-O Qc7 13. h4 h6 14. Be3 Nh7
15. f4 Nd7 16. Rdf1 Rae8 17. f5 gxf5 18. gxf5 Nb6 19. b3 Qe7 20. Nd1 Nf6 21. Nf4
Ne4 22. Qg2 Ba3+ 23. Nb2 Nc4 24. bxc4 Bxb2+ 25. Kxb2 Qb4+ 26. Kc1 Qa3+ 27. Kd1
Qxe3 28. Ne2 Qd2# {White checkmated} 0-1

[Event "Team 45 45 League T52"]
[Site "Internet Chess Club"]
[Date "2012.03.04"]
[Round "3"]
[White "chiiwen"]
[Black "CuatroPrincesas"]
[Result "1-0"]
[WhiteElo "2219"]
[BlackElo "2128"]
[Opening "Sicilian: Najdorf, Opocensky variation"]
[ECO "B92"]
[Time "15:03:29"]
[TimeControl "2700+45"]

1. e4 c5 2. Nf3 d6 3. d4 cxd4 4. Nxd4 Nf6 5. Nc3 a6 6. Be2 e5 7. Nb3 Be7 8. Bg5
Be6 9. Bxf6 Bxf6 10. Qd3 O-O 11. Rd1 Be7 12. Nd5 Bxd5 13. Qxd5 Qc7 14. c3 Nd7
15. O-O b5 16. Na1 Nb6 17. Qb3 g6 18. Nc2 Kg7 19. Ne3 Bg5 20. Nd5 Nxd5 21. Qxd5
Be7 22. Rd2 Rac8 23. a4 bxa4 24. Ra1 Qc6 25. Qxc6 Rxc6 26. Rxa4 Ra8 27. Bc4 Ra7
28. Bd5 Rcc7 29. Rd1 Rc8 30. Rda1 Rb8 31. b4 Rb6 32. Kf1 Rc7 33. R1a3 f5 34. f3
Ra7 35. Ke2 Bd8 36. Kd3 Kf6 37. c4 Ke7 38. b5 Kd7 39. Rxa6 Rbxa6 40. bxa6 Bb6
41. exf5 gxf5 42. Bb7 Bg1 43. Ra1 Bxh2 44. Rh1 Bg3 45. Rxh7+ Kd8 46. Rf7 f4 47.
Ke4 Bf2 48. Kd5 Ke8 49. Rh7 Bc5 50. Bc6+ Kd8 51. Bb7 Ba3 52. Ke6 Bc5 53. Rd7+
Ke8 54. Rxd6 {Black resigns} 1-0

[Event "Team 45 45 League T52"]
[Site "Internet Chess Club"]
[Date "2012.03.03"]
[Round "3"]
[White "Fezzik"]
[Black "pmcglothin"]
[Result "1-0"]
[WhiteElo "2143"]
[BlackElo "1940"]
[Opening "King's Indian: orthodox, Aronin-Taimanov, bayonet attack"]
[ECO "E97"]
[Time "11:36:16"]
[TimeControl "2700+45"]

1. d4 Nf6 2. c4 g6 3. Nc3 Bg7 4. e4 d6 5. Be2 O-O 6. Nf3 e5 7. O-O Nc6 8. d5 Ne7
9. b4 Nh5 10. Re1 a5 11. bxa5 Rxa5 12. Nd2 Nf4 13. Bf1 b6 14. a4 Bd7 15. Nb3 Ra8
16. a5 bxa5 17. c5 dxc5 18. Nxc5 Nc8 19. Nxd7 Qxd7 20. Bb5 Qe7 21. g3 Nh5 22.
Bc6 Rb8 23. Rxa5 Qb4 24. Rb5 Rxb5 25. Nxb5 Qe7 26. Ba3 Nd6 27. Qa4 Rc8 28. Qa6
Qd8 29. Nxd6 cxd6 30. Bxd6 Qxd6 31. Qxc8+ Bf8 32. Qd7 Qf6 33. Kg2 Bc5 34. Re2
Qg5 35. h4 Qc1 36. Qe8+ Kg7 37. Qxe5+ Kh6 38. Qg5+ Qxg5 39. hxg5+ Kxg5 40. e5
Ng7 41. f4+ Kh6 42. Bd7 Nf5 43. Bxf5 gxf5 44. Rc2 {Black resigns} 1-0

[Event "Team 45 45 League T52"]
[Site "Internet Chess Club"]
[Date "2012.03.03"]
[Round "3"]
[White "Bonneville"]
[Black "Truxton"]
[Result "1/2-1/2"]
[WhiteElo "1881"]
[BlackElo "1911"]
[Opening "Caro-Kann: Panov-Botvinnik attack, 5...e6"]
[ECO "B14"]
[Time "16:07:23"]
[TimeControl "2700+45"]

1. e4 c6 2. d4 d5 3. exd5 cxd5 4. c4 Nf6 5. Nc3 e6 6. Nf3 Nc6 7. Bg5 dxc4 8.
Bxc4 Bb4 9. O-O Bxc3 10. bxc3 O-O 11. Re1 h6 12. Bh4 g5 13. Nxg5 hxg5 14. Bxg5
Kg7 15. Re4 Qa5 16. Bxf6+ Kxf6 17. Qf3+ Ke7 18. d5 Nd8 19. Rd1 f5 20. d6+ Kd7
21. Bb3 Rf7 22. Ra4 Qe5 23. Rc4 Ke8 24. h3 Kf8 25. Rcd4 Bd7 26. Qh5 Nc6 27. R4d3
f4 28. Qg6 Qf5 29. Qxf5 Rxf5 30. g4 fxg3 31. fxg3 Ne5 32. Re3 b5 33. g4 Rg5 34.
Kf2 Nc4 35. Re4 Rc5 {Game drawn by mutual agreement} 1/2-1/2

[Event "Team 45 45 League T52"]
[Site "Internet Chess Club"]
[Date "2012.03.02"]
[Round "3"]
[White "Portola"]
[Black "DarkFlow"]
[Result "0-1"]
[WhiteElo "1783"]
[BlackElo "1879"]
[Opening "Queen's bishop game"]
[ECO "D02"]
[Time "14:00:41"]
[TimeControl "2700+45"]

1. d4 d5 2. Nf3 Nf6 3. Bf4 c5 4. c3 Nc6 5. e3 Qb6 6. Qc1 Bf5 7. Be2 e6 8. O-O
Be7 9. Nbd2 O-O 10. Nh4 Be4 11. Nxe4 Nxe4 12. Nf3 Rac8 13. Qb1 g5 14. Bg3 cxd4
15. exd4 h5 16. h3 g4 17. hxg4 hxg4 18. Ne5 Nxe5 19. Bxe5 Nd2 20. Qc2 Nxf1 21.
Rxf1 f5 22. Bxg4 Bf6 23. Bh5 Bxe5 24. dxe5 Qc7 25. f4 Qg7 26. Rf3 Kh8 27. Rh3
Kg8 28. Qf2 Qe7 29. Bg6 Qc5 30. Re3 Rc7 31. b4 Qb6 32. a4 d4 33. Rg3 dxc3 34.
Bxf5+ Kf7 35. Bg6+ Ke7 36. Re3 c2 37. Qh4+ Kd7 38. Qh7+ Kc8 39. Qh3 c1=Q+ {White
resigns} 0-1

[Event "Team 45 45 League T52"]
[Site "Internet Chess Club"]
[Date "2012.03.02"]
[Round "3"]
[White "King-Ghost"]
[Black "chess9793"]
[Result "1/2-1/2"]
[WhiteElo "2198"]
[BlackElo "2174"]
[Opening "Grünfeld: exchange variation"]
[ECO "D85"]
[Time "19:24:55"]
[TimeControl "2700+45"]

1. d4 Nf6 2. c4 g6 3. Nc3 d5 4. cxd5 Nxd5 5. e3 Bg7 6. Nf3 O-O 7. Be2 c5 8. Qb3
Nxc3 9. bxc3 Nc6 10. O-O e5 11. Rd1 cxd4 12. cxd4 exd4 13. exd4 Qe7 14. Be3 Bg4
15. Rab1 b6 16. d5 Ne5 17. d6 Qe6 18. Qa4 Nxf3+ 19. Bxf3 Bxf3 20. gxf3 Be5 21.
d7 Qh3 22. Bf4 Qh4 23. Rb4 a5 24. Re4 b5 25. Bxe5 Qg5+ 26. Rg4 Qxe5 27. Qe4 Qxe4
28. fxe4 Rfd8 29. Rg5 b4 {Game drawn by mutual agreement} 1/2-1/2

[Event "Team 45 45 League T52"]
[Site "Internet Chess Club"]
[Date "2012.03.03"]
[Round "3"]
[White "elmaestro"]
[Black "LittleWarrior"]
[Result "0-1"]
[WhiteElo "1875"]
[BlackElo "1990"]
[Opening "English opening"]
[ECO "A20"]
[Time "23:50:25"]
[TimeControl "2700+45"]

1. c4 e5 2. g3 Nc6 3. Bg2 f5 4. e3 Nf6 5. Ne2 Nb4 6. d3 c6 7. a3 Na6 8. b4 Be7
9. O-O O-O 10. Nbc3 Nc7 11. Bb2 d5 12. cxd5 cxd5 13. Rc1 Bd6 14. Qc2 Qe7 15. f4
Bd7 16. Qd2 Rac8 17. fxe5 Bxe5 18. Nf4 Qd6 19. Nce2 Bxb2 20. Qxb2 Rfe8 21. Qd2
Ng4 22. Rf3 g5 23. Nh3 h6 24. Nd4 Qg6 25. Rcf1 Qb6 26. Kh1 Nxe3 27. Rxe3 Qxd4
28. Ref3 Re7 29. Qf2 Qxf2 30. R3xf2 Re3 31. Rd2 f4 32. Ng1 fxg3 33. hxg3 Rce8
34. Rc2 Bc6 35. a4 a6 36. Rf6 Kg7 37. Rcf2 R8e7 38. Rd6 Rxd3 39. Rff6 Ne8 40.
Rg6+ Kf7 41. Rxc6 bxc6 42. Rxc6 Re6 43. Rc5 Nf6 44. b5 axb5 45. Rxb5 g4 46. a5
Re5 47. a6 Rh5+ 48. Bh3 gxh3 49. a7 Ra3 50. Rb7+ Kg6 51. Nf3 Ra1+ {White
resigns} 0-1

[Event "Team 45 45 League T52"]
[Site "Internet Chess Club"]
[Date "2012.03.04"]
[Round "3"]
[White "futureGM"]
[Black "leland"]
[Result "1/2-1/2"]
[WhiteElo "1908"]
[BlackElo "1863"]
[Opening "French: Rubinstein variation"]
[ECO "C10"]
[Time "16:00:49"]
[TimeControl "2700+45"]

1. e4 e6 2. d4 d5 3. Nc3 dxe4 4. Nxe4 Nd7 5. Nf3 Ngf6 6. Bd3 Nxe4 7. Bxe4 Nf6 8.
Bd3 Be7 9. O-O O-O 10. c4 b6 11. b3 Bb7 12. Bb2 Be4 13. Bxe4 Nxe4 14. Qc2 Nd6
15. Ne5 Bf6 16. Rad1 Nf5 17. d5 Qc8 18. Nc6 Bg5 19. Rfe1 Kh8 20. Qe4 Ne7 21.
Nxe7 Bxe7 22. Qg4 Rg8 23. dxe6 fxe6 24. Qxe6 Qxe6 25. Rxe6 Bc5 26. Kf1 Rgf8 27.
f3 Rad8 28. Rxd8 Rxd8 29. Ke2 Kg8 30. Re4 Rd7 31. Re8+ Kf7 32. Rh8 Kg6 33. Re8
Bb4 34. Bc1 a6 35. a3 Bc3 36. Re3 Bf6 37. Re6 Kf7 38. Re4 Rd6 39. Bf4 Rc6 40.
Be5 b5 41. Bxf6 Kxf6 42. Kd3 Rb6 43. Kc3 c5 44. b4 bxc4 45. Rxc4 cxb4+ 46. axb4
g6 47. Kb3 a5 48. h4 axb4 49. Rxb4 Re6 50. Rb7 h6 51. Kc3 Re2 52. Rb6+ Kf7 53.
Rb2 Re5 54. Kd4 Re6 55. Rb7+ Kf6 56. Rh7 h5 57. Rh8 Re2 58. g4 hxg4 59. fxg4 Rg2
60. Rf8+ Kg7 61. Rf4 g5 62. hxg5 Kg6 63. Ke4 Kxg5 64. Kf3 Rf2+ {Game drawn by
mutual agreement} 1/2-1/2

[Event "Team 45 45 League T52"]
[Site "Internet Chess Club"]
[Date "2012.03.02"]
[Round "3"]
[White "Horoblitz"]
[Black "gsvc"]
[Result "0-1"]
[WhiteElo "2070"]
[BlackElo "2375"]
[Opening "Sicilian: Grand Prix attack"]
[ECO "B23"]
[Time "08:00:55"]
[TimeControl "2700+45"]

1. e4 c5 2. Nc3 Nc6 3. f4 e6 4. Nf3 a6 5. g3 d5 6. e5 Nge7 7. Bg2 b5 8. d3 Nf5
9. O-O h5 10. Ne2 Qb6 11. c3 Bb7 12. Bh3 g6 13. Bxf5 gxf5 14. d4 Be7 15. h4 c4
16. Kh2 b4 17. Bd2 a5 18. b3 Ba6 19. Re1 Rb8 20. Be3 cxb3 21. Qxb3 Bc4 22. Qb2
a4 23. cxb4 a3 24. Qc2 Nxb4 25. Qd2 Nxa2 {White resigns} 0-1

[Event "Team 45 45 League T52"]
[Site "Internet Chess Club"]
[Date "2012.03.04"]
[Round "3"]
[White "BlazekaMatej"]
[Black "Zumbi"]
[Result "1/2-1/2"]
[WhiteElo "2176"]
[BlackElo "2140"]
[Opening "Sicilian: dragon, Yugoslav attack, 10.O-O-O"]
[ECO "B78"]
[Time "15:07:02"]
[TimeControl "2700+45"]

1. e4 c5 2. Nf3 d6 3. d4 cxd4 4. Nxd4 Nf6 5. Nc3 g6 6. f3 Bg7 7. Be3 O-O 8. Qd2
Nc6 9. Bc4 Bd7 10. O-O-O Rb8 11. h4 b5 12. Bb3 Na5 13. Kb1 Nc4 14. Bxc4 bxc4 15.
Ka1 Qb6 16. Rb1 Qb4 17. h5 Rfc8 18. hxg6 fxg6 19. g4 Rc5 20. g5 Nh5 21. Nf5 Bxf5
22. Bxc5 Qxc5 23. exf5 Ng3 24. Rhe1 Nxf5 25. f4 Bd4 26. Ne4 {Game drawn by
mutual agreement} 1/2-1/2